 Dungeon Crawl Stone Soup version 0.29-a0-775-g4d7333d4e2 (webtiles) character file.

Game seed: 9801012139071212346

115 crusatyr the Chopper (level 5, 0/45 HPs)
             Began as a Hill Orc Monk on July 1, 2022.
             Slain by a gnoll
             ... wielding a +0 flail
              (11 damage)
             ... on level 3 of the Dungeon.
             The game lasted 00:03:45 (2959 turns).

crusatyr the Chopper (Hill Orc Monk)                Turns: 2959, Time: 00:03:46

Health: 0/45       AC:  6    Str: 16    XL:     5   Next: 0%
Magic:  5/5        EV: 10    Int: 10    God:
Gold:   163        SH:  0    Dex: 13    Spells: 4/4 levels left

rFire   . . .      SeeInvis .   a - +0 hand axe
rCold   . . .      Faith    .   (no shield)
rNeg    . . .      Spirit   .   q - +0 scale mail
rPois   .          Reflect  .   (no helmet)
rElec   .          Harm     .   (no cloak)
rCorr   .          Rampage  .   (no gloves)
Will    .....                   (no boots)
Stlth   ..........              (no amulet)
HPRegen 0.15/turn               (no ring)
MPRegen 0.09/turn               (no ring)

@: no status effects
A: no striking features
a: no special abilities


You were on level 3 of the Dungeon.
You visited 1 branch of the dungeon, and saw 3 of its levels.

You collected 163 gold pieces.

Inventory:

Hand Weapons
 a - a +0 hand axe (weapon)
 n - a +0 mace
Armour
 q - a +0 scale mail (worn)
Jewellery
 f - a ring of positive energy
 o - a ring of ice
Scrolls
 b - 3 scrolls of immolation {unknown}
 e - a scroll of fog {unknown}
 i - 2 scrolls of amnesia {unknown}
 j - a scroll of acquirement {unknown}
 m - 2 scrolls of identify {unknown}
 s - a scroll of torment {unknown}
 w - a scroll of magic mapping {unknown}
Potions
 c - a potion of ambrosia
 d - a potion of flight {unknown}
 g - a potion of degeneration {unknown}
 h - 3 potions of attraction {unknown}
 k - a potion of brilliance {unknown}
 l - 2 potions of heal wounds {unknown}
 p - a potion of haste {unknown}
 r - a potion of invisibility {unknown}
 t - 2 potions of lignification {unknown}
 u - 2 potions of might {unknown}
 v - a potion of curing {unknown}


   Skills:
 - Level 3.6 Fighting
 + Level 7.3 Axes
 - Level 2.4 Dodging
 - Level 1.5 Stealth


You had 4 spell levels left.
You didn't know any spells.
Your spell library contained the following spells:

 Spells                   Type           Power      Damage    Failure   Level
 Sandblast                Erth           0%         2d4       82%         1
 Passwall                 Tmut/Erth      0%         N/A       91%         2
 Stone Arrow              Conj/Erth      0%         3d7       99%         3


Dungeon Overview and Level Annotations

Branches:
Dungeon (3/15)

Altars:
Makhleb

Shops:
D:1 :


Message History

The gnoll hits you but does no damage.
You barely miss the gnoll.
The gnoll is severely wounded.
You barely miss the gnoll. The gnoll barely misses you.
The gnoll hits you with a +0 flail!
You hit the gnoll.
The gnoll is lightly wounded.
The gnoll hits you with a +0 club.
You closely miss the gnoll.
The gnoll is lightly wounded.
The gnoll hits you but does no damage.
You hit the gnoll.
The gnoll is heavily wounded.
The gnoll hits you with a +0 club.
* * * LOW HITPOINT WARNING * * *
You hit the gnoll.
The gnoll is severely wounded.
The gnoll barely misses you.
You barely miss the gnoll.
The gnoll is heavily wounded.
The gnoll barely misses you.
You hit the gnoll.
The gnoll is severely wounded.
The gnoll hits you with a +0 club.
* * * LOW HITPOINT WARNING * * *
You hit the gnoll but do no damage.
The gnoll is severely wounded.
The gnoll hits you with a +0 club.
* * * LOW HITPOINT WARNING * * *
You barely miss the gnoll.
The gnoll is severely wounded.
The gnoll closely misses you.
You hit the gnoll.
You kill the gnoll!
You have reached level 5!
You feel stronger.
You hit the gnoll.
The gnoll is severely wounded.
The gnoll hits you with a +0 flail!
You die...

#.# #### #..
..g........### #.#
#..
#.###g............
#.###.#
#.#..............#
###..##)#
#....#......)....#
#....#..#
##.....######.....#
#..†...## ##>.# #
#...##.## #..>...#
#...# ....###....
#...#..####.#g#
....###...##
#...#.......#@##
>...#.......
#####.####.....#
... #.......
............#
###.........
#.............#
#.#.......
#...........<.#
#.#.......
#..........####
#.......
#..........#
#....... .........#
#....... ##########
#......<


You could see a gnoll.

Vanquished Creatures
  2 gnolls (D:3)
  An adder (D:2)
  A worm (D:2)
  A dart slug (D:2)
  4 ball pythons
  5 bats
  5 endoplasms
  3 giant cockroaches
  5 goblins
  7 hobgoblins
  13 jackals
  4 quokkas
  2 frilled lizards
  9 kobolds
  11 rats
73 creatures vanquished.

Notes
Turn   | Place    | Note
-------+----------+-------------------------------------------
     0 | D:1      | crusatyr the Hill Orc Monk began the quest for the Orb.
     0 | D:1      | Reached XP level 1. HP: 19/19 MP: 1/1
   393 | D:1      | Reached XP level 2. HP: 21/26 MP: 2/2
   485 | D:1      | Reached skill level 5 in Axes
   768 | D:1      | Reached XP level 3. HP: 31/31 MP: 3/3
   970 | D:1      | Found a faded altar of an unknown god.
  1131 | D:1      | Found Guunkump's Book Shop.
  1139 | D:1      | You fall into a shaft and drop 1 floor!
  1192 | D:2      | Reached skill level 6 in Axes
  1284 | D:2      | Reached XP level 4. HP: 30/39 MP: 4/4
  2234 | D:3      | Found a burning altar of Makhleb.
  2883 | D:3      | Reached skill level 7 in Axes
  2958 | D:3      | Reached XP level 5. HP: 11/45 MP: 5/5
  2959 | D:3      | Slain by a gnoll

Illustrated notes

Levels and vault maps discovered:
D:1:      lightli_arrival_chessboard, layout_loops_cross,
          chequers_ecumenical_altar_simple_redux, serial_shops,
          nicolae_shop_trees, kennysheep_decorative_pillar,
          hangedman_decor_peaks_small
D:2:      layout_rooms, minmay_tromino_v4_a
D:3:      layout_rooms, demons_altar

Skill      XL: |  1  2  3  4 |
---------------+-------------+-----
Axes           | 5 6 7 |  7.3
Fighting       | |  3.6
Dodging        | |  2.4
Stealth        | |  1.5

Action                   |  1- 3 |  4- 6 || total
-------------------------+-------+-------++-------
Melee: Hand axe          |   114 |   139 ||   253
       Punch             |       |     2 ||     2
 Stab: Sleeping          |     1 |       ||     1
Armor: Robe              |     5 |       ||     5
       Leather armour    |    24 |    13 ||    37
       Scale mail        |       |    27 ||    27
Dodge: Dodged            |    67 |    79 ||   146

Table legend: (Time is in decaauts)
 A = Elapsed time spent in this place.
 B = Non-inter-level travel time spent in this place.
 C = Inter-level travel time spent in this place.
 D = Time resting spent in this place.
 E = Time spent auto-exploring this place.
 F = Levels seen in this place.
 G = Mean time per level.
                   A        B        C        D        E       F      G
               +--------+--------+--------+--------+--------+-----+--------+
         Total |   2958 |   2849 |    109 |    591 |   1581 |   3 |  986.0 |
       Dungeon |   2958 |   2849 |    109 |    591 |   1581 |   3 |  986.0 |
               +--------+--------+--------+--------+--------+-----+--------+

Top non-repeatable levels by time:
     D:1: 1457 daAuts
     D:2: 1109 daAuts
     D:3: 391 daAuts
